 Dungeon Crawl Stone Soup version 0.28.0-43-g3370ac3207 (webtiles) character file.

Game seed: 2614741565043910367

541 cbfl8 the Sneak (level 7, 0/60 HPs)
             Began as a Minotaur Delver on Feb 28, 2022.
             Slain by an ogre
             ... wielding a +0 giant club
              (13 damage)
             ... on level 4 of the Dungeon.
             The game lasted 00:02:10 (1423 turns).

cbfl8 the Sneak (Minotaur Delver)                   Turns: 1423, Time: 00:02:11

Health: 0/60       AC: 10    Str: 18    XL:     7   Next: 5%
Magic:  6/6        EV: 10    Int:  7    God:
Gold:   18         SH:  0    Dex: 12    Spells: 6/6 levels left

rFire   . . .      SeeInvis .   a - +0 hand axe
rCold   . . .      Faith    .   (no shield)
rNeg    . . .      Spirit   .   l - +0 scale mail
rPois   .          Reflect  .   (helmet restricted)
rElec   .          Harm     .   (no cloak)
rCorr   .          Rampage  .   (no gloves)
Will    .....                   (no boots)
Stlth   ++........              (no amulet)
HPRegen 0.20/turn               k - +4 ring of protection
MPRegen 0.10/turn               (no ring)

@: no status effects
A: horns 2, retaliatory headbutt
a: no special abilities


You were on level 4 of the Dungeon.
You visited 1 branch of the dungeon, and saw 4 of its levels.

You collected 18 gold pieces.

Inventory:

Hand Weapons
 a - a +0 hand axe (weapon)
Armour
 b - a +0 leather armour
 j - a +0 scale mail
 l - a +0 scale mail (worn)
Jewellery
 k - a +4 ring of protection (left hand)
Wands
 g - a wand of digging (3)
Scrolls
 c - a scroll of fog
 d - a scroll of noise {unknown}
 e - a scroll of fear
 h - a scroll of teleportation {unknown}
Potions
 f - a potion of haste
 i - a potion of flight {unknown}


   Skills:
 + Level 4.8 Fighting
 + Level 4.2 Axes
 + Level 3.3 Armour
 + Level 3.5 Dodging
 + Level 6.1 Stealth


You had 6 spell levels left.
You didn't know any spells.
Your spell library was empty.

Dungeon Overview and Level Annotations

Branches:
Dungeon (7/15)
 Temple: D:4-7

Altars:

Shops:
D:6 *(


Innate Abilities, Weirdness & Mutations

You have a pair of horns on your head.
You reflexively headbutt those who attack you in melee.


Message History

There is an open door here.
You open the door.
There is an open door here.
A hound comes into view.
Found a stone staircase leading up.
The hound barks!
The hound bites you. The hound barely misses you.
You barely miss the hound. Your headbutt misses the hound. The hound bites you.
You hit the hound. You headbutt the hound!
The hound is almost dead.
The hound bites you but does no damage. The hound barely misses you.
You furiously retaliate!
You headbutt the hound!
You kill the hound!
You have reached level 7!
There is a stone staircase leading up here.
You climb upwards.
You hear the sound of rushing water.
There is an entrance to a sewer on this level.
Hurry and find it before the portal rusts away!
The ogre shouts!
There is a stone staircase leading down here.
Okay, then.
You hit the ogre. You headbutt the ogre.
The ogre is moderately wounded.
The ogre closely misses you. You furiously retaliate!
You headbutt the ogre! You hit the ogre.
The ogre is severely wounded.
You hit the ogre but do no damage.
The ogre is severely wounded.
The ogre hits you with a +0 giant club!!
You barely miss the ogre.
The ogre is severely wounded.
The ogre hits you with a +0 giant club!
You hit the ogre.
The ogre is severely wounded.
The ogre hits you with a +0 giant club!
* * * LOW HITPOINT WARNING * * *
You barely miss the ogre.
The ogre is severely wounded.
The ogre hits you with a +0 giant club!
You die...

######
###....#.##
#..........
#..@..#
#...O.#
#........
#...........
#..##......##
#.# #....#...
#. #...##..#
. ..#.# .#


You could see an ogre.

Vanquished Creatures
  An ice beast (D:6)
  A necrophage (D:5)
  An ogre (D:6)
  A centaur (D:5)
  A phantom (D:5)
  A bullfrog zombie (D:6)
  A centaur zombie (D:6)
  2 hounds (D:5)
  An orc (D:5)
10 creatures vanquished.

Notes
Turn   | Place    | Note
-------+----------+-------------------------------------------
     0 | D:5      | cbfl8 the Minotaur Delver began the quest for the Orb.
     0 | D:5      | Reached XP level 1. HP: 19/19 MP: 0/0
    11 | D:5      | Noticed a necrophage
    24 | D:5      | Killed a necrophage
    25 | D:5      | Reached skill level 5 in Stealth
    25 | D:5      | Reached XP level 2. HP: 2/27 MP: 1/1
    25 | D:5      | Reached XP level 3. HP: 2/33 MP: 2/2
    25 | D:5      | Reached XP level 4. HP: 3/40 MP: 3/3
    88 | D:5      | Noticed a centaur
   439 | D:6      | Reached skill level 1 in Armour
   501 | D:6      | Noticed an ogre
   513 | D:6      | Killed an ogre
   514 | D:6      | Reached XP level 5. HP: 39/47 MP: 4/4
   581 | D:6      | Found Sulicat's Weapon Shop.
   624 | D:6      | Noticed an ice beast
   641 | D:6      | HP: 1/47 [ice beast (9)]
   642 | D:6      | Killed an ice beast
   643 | D:6      | Reached XP level 6. HP: 1/53 MP: 5/5
  1067 | D:6      | Found Imaeqyt's Assorted Antiques.
  1092 | D:5      | Reached skill level 6 in Stealth
  1409 | D:5      | Reached XP level 7. HP: 56/60 MP: 6/6
  1423 | D:4      | Slain by an ogre

Illustrated notes

Levels and vault maps discovered:
D:4:      layout_rooms, minmay_temple_entry_wispy, gup_sewer_entry_bubbles,
          amcnicky_altar_lugonu_corruption
D:5:      layout_basic, chequers_serial_rivers_room_a, minmay_shop_damaged
D:6:      layout_rooms, mainiacjoe_overflow_chevrons, serial_shops, shop,
          nicolae_shop_bloodbath_and_beyond, shop_statue,
          kennysheep_generic_room_4
D:7:      layout_rooms, enter_bailey_5

Skill      XL: |  1  2  3  4  5  6 |
---------------+-------------------+-----
Fighting       | 4 |  4.8
Stealth        | 5 6 |  6.1
Axes           | 3 4 |  4.2
Armour         | 1 2 3 |  3.3
Dodging        | 3 |  3.5

Action                   |  1- 3 |  4- 6 |  7- 9 || total
-------------------------+-------+-------+-------++-------
Melee: Hand axe          |    10 |    52 |     6 ||    68
       Headbutt          |     1 |    14 |     1 ||    16
  Use: Scroll            |       |     1 |       ||     1
Armor: Leather armour    |     4 |       |       ||     4
       Scale mail        |       |    31 |       ||    31
Dodge: Dodged            |     3 |    33 |     1 ||    37
